 Dungeon Sprint DCSS version 0.20.1-1-g8b1a95d (console) character file.

12555 hilaritas the Dancer (level 11, -11/118 HPs)
             Began as a Troll Fighter on Aug 20, 2017.
             Was the Champion of Uskayaw.
             Mangled by an orc knight
             ... wielding a +0 great sword
              (41 damage)
             ... in the Dungeon (Sprint IX: "|||||||||||||||||||||||||||||").
             The game lasted 00:06:06 (1380 turns).

hilaritas the Dancer (Troll Fighter)                Turns: 1380, Time: 00:06:07

Health: -11/118    AC:  7    Str: 27    XL:     11   Next: 64%
Magic:  17/20      EV: 16    Int:  6    God:    Uskayaw [******]
Gold:   1269       SH: 12    Dex:  9    Spells: 10/10 levels left

rFire    . . .     SeeInvis .     - Unarmed
rCold    . . .     Gourm    +   b - +0 shield
rNeg     + . .     Faith    .   a - +0 robe
rPois    .         Spirit   .   (helmet restricted)
rElec    .         Reflect  .   p - +0 cloak
rCorr    .         Harm     .   (gloves unavailable)
MR       .....     NoTele   +   (boots unavailable)
Stlth    +.........             (no amulet)
Regen    0.7/turn               s - ring of positive energy
MPRegen  0.2/turn               r - +2 ring of evasion

@: no status effects
A: unfitting armour, claws 3, fast metabolism 3, gourmand, regeneration 1,
shaggy fur 1, tough skin 2
a: Stomp, Line Pass, Grand Finale, Renounce Religion


You were in the Dungeon.
You worshipped Uskayaw.
Uskayaw was pleased with you.
You were completely stuffed.

You visited 1 branch You collected 1269 gold pieces.

Inventory:

Hand Weapons
 y - a +3 broad axe of flaming
Missiles
 i - 6 tomahawks (quivered)
Armour
 a - a +0 robe (worn)
 b - a +0 shield (worn)
 p - a +0 cloak (worn)
Jewellery
 q - a +2 ring of protection
 r - a +2 ring of evasion (right claw)
 s - a ring of positive energy (left claw)
Wands
 n - a wand of lightning (7/15)
Scrolls
 j - 3 scrolls of blinking
 l - 3 scrolls of remove curse
 m - 2 scrolls of amnesia
 u - a scroll of fog
 v - 2 scrolls of enchant armour
 w - a scroll of fear
 x - a scroll of recharging
Potions
 c - 2 potions of might
 e - 6 potions of curing
 f - 4 potions of heal wounds
 g - a potion of haste
 h - 4 potions of magic
 k - a potion of invisibility
 B - a potion of flight {unknown}
Comestibles
 d - 14 bread rations
 t - 13 meat rations
 A - 40 fruits


   Skills:
 + Level 10.2 Fighting
 * Level 8.6 Armour
 - Level 10.1 Dodging
 - Level 10.0 Shields
 - Level 11.3 Unarmed Combat
 * Level 14.5 Invocations


You had 10 spell levels left.
You didn't know any spells.

Dungeon Overview and Level Annotations

Branches:
Dungeon (1/1)

Altars:
Cheibriados
Dithmenos
Elyvilon
Fedhas
Gozag
Hepliaklqana
Kikubaaqudgha
Makhleb
Nemelex Xobeh
Okawaru
Qazlal
Ru
Sif Muna
Trog
Uskayaw
Vehumet
Xom
Yredelemnul
Zin
The Shining One
Beogh
Jiyva
Lugonu

Shops:
D ?:*[


Innate Abilities, Weirdness & Mutations

You are too large for most types of armour.
You have claws for hands.
Your metabolism is lightning-fast.
You like to eat raw meat.
Your natural rate of healing is unusually fast.
You are covered in fur. (AC +1)
You have very tough skin. (AC +2)


Message History

The orc high priest is lightly wounded.
The orc knight is no longer sharing its pain.
The orc knight is no longer paralysed.
The orc knight is no longer sharing its pain.
The orc high priest is no longer sharing its pain.
The orc high priest hits you with a mace.
The orc knight misses you.
You claw the orc high priest!
The orc high priest is moderately wounded.
The orc knight is no longer paralysed.
The orc high priest hits you with a mace!
* * * LOW HITPOINT WARNING * * *
You closely miss the orc high priest.
The orc high priest is moderately wounded.
The orc knight is no longer sharing its pain.
The orc knight is no longer paralysed.
The orc high priest no longer looks unusually strong.
The orc knight is no longer paralysed.
The orc knight hits you with a great sword!!!
You die...

___.____'..|(.[[..)).)...').....'
▓▓▓▓▓▓▓▓▓▓▓▓▓▓▓▓▓▓▓▓▓▓▓▓▓▓▓▓▓▓▓▓▓
.................................
▓▓▓▓▓▓▓▓▓▓▓▓▓▓▓▓▓▓▓▓▓▓▓▓▓▓▓▓▓▓▓▓▓
.÷......'†.†.....)).?'..[[[[..'..
▓▓▓▓▓▓▓▓▓▓▓▓▓▓▓▓▓▓▓▓▓▓▓▓▓▓▓▓▓▓▓▓▓
..(..............................
▓▓▓▓▓▓▓▓▓▓▓▓▓▓▓▓▓▓▓▓▓▓▓▓▓▓▓▓▓▓▓▓▓
.)...(.)))))$ooo@o.oo..$
▓▓▓▓▓▓▓▓▓▓▓▓▓▓▓▓▓▓▓▓▓▓▓▓


You could see 5 orc knights and an orc high priest.

Vanquished Creatures
  Harold (D)
  2 two-headed ogres (D)
  4 orc high priests (D)
  An unseen horror (D)
  7 orc knights (D)
  An elephant (D)
  A black mamba (D)
  A rime drake (D)
  2 spiny frogs (D)
  A tyrant leech (D)
  2 blink frogs (D)
  3 hippogriffs (D)
  2 yaks (D)
  A basilisk (D)
  2 water moccasins (D)
  8 orc warriors (D)
  A porcupine (D)
  A crocodile (D)
  10 bullfrogs (D)
  A howler monkey (D)
  A crimson imp (D)
  3 orc priests (D)
  2 orc wizards (D)
  An iguana (D)
  An adder (D)
  A shadow imp (D)
  An ooze (D)
  A dart slug (D)
  3 leopard geckos (D)
  11 orcs (D)
  A bat (D)
  A frilled lizard (D)
  A quokka skeleton (D)
  A quokka zombie (D)
81 creatures vanquished.

Notes
Turn   | Place    | Note
-------+----------+-------------------------------------------
     0 | D        | hilaritas the Troll Fighter began the quest for the Orb.
     0 | D        | Reached XP level 1. HP: 22/22 MP: 0/0
    15 | D        | Reached XP level 2. HP: 29/29 MP: 1/1
    48 | D        | Reached XP level 3. HP: 36/36 MP: 2/2
    55 | D        | Found a roughly hewn altar of Beogh.
    55 | D        | Found a snail-covered altar of Cheibriados.
    55 | D        | Found a shadowy altar of Dithmenos.
    55 | D        | Found a white marble altar of Elyvilon.
    55 | D        | Found a blossoming altar of Fedhas.
    55 | D        | Found an opulent altar of Gozag.
    56 | D        | Found a hazy altar of Hepliaklqana.
    57 | D        | Found a viscous altar of Jiyva.
    58 | D        | Found an ancient bone altar of Kikubaaqudgha.
    59 | D        | Found a corrupted altar of Lugonu.
    60 | D        | Found a burning altar of Makhleb.
    61 | D        | Found a sparkling altar of Nemelex Xobeh.
    62 | D        | Found an iron altar of Okawaru.
    63 | D        | Found a stormy altar of Qazlal.
    64 | D        | Found a sacrificial altar of Ru.
    65 | D        | Found a deep blue altar of Sif Muna.
    66 | D        | Found a bloodstained altar of Trog.
    67 | D        | Found a hide-covered altar of Uskayaw.
    68 | D        | Found a radiant altar of Vehumet.
    70 | D        | Found a shimmering altar of Xom.
    71 | D        | Found a basalt altar of Yredelemnul.
    72 | D        | Found a glowing silver altar of Zin.
    73 | D        | Found a glowing golden altar of the Shining One.
    75 | D        | Became a worshipper of Uskayaw the Reveler
   107 | D        | Noticed a two-headed ogre
   107 | D        | Noticed an orc warrior
   111 | D        | Reached * piety under Uskayaw
   112 | D        | Killed a two-headed ogre
   112 | D        | Reached skill level 6 in Invocations
   112 | D        | Reached XP level 4. HP: 16/44 MP: 2/7
   112 | D        | Reached XP level 5. HP: 18/50 MP: 2/8
   112 | D        | Reached XP level 6. HP: 22/59 MP: 2/9
   112 | D        | Reached XP level 7. HP: 24/66 MP: 2/10
   112 | D        | Reached ** piety under Uskayaw
   113 | D        | Reached *** piety under Uskayaw
   118 | D        | Reached skill level 7 in Invocations
   118 | D        | Reached **** piety under Uskayaw
   192 | D        | Noticed a two-headed ogre
   192 | D        | Noticed a basilisk
   206 | D        | Killed an unseen horror
   206 | D        | Reached skill level 5 in Fighting
   206 | D        | Reached skill level 8 in Invocations
   206 | D        | Reached XP level 8. HP: 26/80 MP: 11/13
   217 | D        | Killed a two-headed ogre
   217 | D        | Reached skill level 10 in Shields
   217 | D        | Reached skill level 9 in Invocations
   217 | D        | Reached XP level 9. HP: 32/92 MP: 12/15
   220 | D        | Reached skill level 1 in Armour
   220 | D        | Reached ***** piety under Uskayaw
   446 | D        | Noticed an elephant
   456 | D        | Reached skill level 10 in Invocations
   462 | D        | Reached skill level 5 in Dodging
   467 | D        | Killed an elephant
   468 | D        | Reached ****** piety under Uskayaw
   567 | D        | Noticed a rime drake
   568 | D        | Noticed a black mamba
   587 | D        | Killed a rime drake
   587 | D        | Reached XP level 10. HP: 73/104 MP: 16/16
   602 | D        | Killed a black mamba
   685 | D        | Noticed a spiny frog
   685 | D        | Noticed a spiny frog
   694 | D        | Reached skill level 5 in Armour
   695 | D        | Killed a spiny frog
   695 | D        | Reached skill level 11 in Invocations
   702 | D        | HP: 4/106 [spiny frog (24)]
   705 | D        | Killed a spiny frog
   709 | D        | HP: 1/106 [tyrant leech (27)]
   928 | D        | Noticed Harold
   942 | D        | Killed Harold
  1003 | D        | Noticed an orc knight
  1009 | D        | Killed an orc knight
  1029 | D        | Reached skill level 12 in Invocations
  1136 | D        | Noticed an orc knight
  1136 | D        | Noticed an orc knight
  1137 | D        | Noticed an orc knight
  1142 | D        | Killed an orc knight
  1142 | D        | Reached skill level 10 in Dodging
  1142 | D        | Reached XP level 11. HP: 115/115 MP: 19/19
  1153 | D        | Killed an orc knight
  1167 | D        | Killed an orc knight
  1184 | D        | Reached skill level 13 in Invocations
  1325 | D        | Found Ydwi's Magic Scroll Emporium.
  1325 | D        | Noticed an orc high priest
  1325 | D        | Noticed an orc knight
  1325 | D        | Noticed an orc high priest
  1325 | D        | Noticed an orc knight
  1325 | D        | Noticed an orc high priest
  1330 | D        | Noticed an orc knight
  1342 | D        | Noticed a sixfirhy
  1345 | D        | Killed an orc high priest
  1346 | D        | Noticed a sixfirhy
  1349 | D        | Killed an orc knight
  1353 | D        | Noticed an orc knight
  1353 | D        | Killed an orc high priest
  1353 | D        | Reached skill level 10 in Fighting
  1354 | D        | Found Xicuoheo's Book Shoppe.
  1354 | D        | Noticed an orc knight
  1357 | D        | Killed an orc knight
  1357 | D        | Reached skill level 14 in Invocations
  1358 | D        | Noticed an orc high priest
  1361 | D        | Killed an orc high priest
  1362 | D        | Found Vemnol's General Store.
  1363 | D        | Noticed an orc knight
  1367 | D        | Killed an orc knight
  1369 | D        | Found Lugyic's Armour Shoppe.
  1369 | D        | Noticed an orc high priest
  1369 | D        | Noticed an orc knight
  1370 | D        | Killed an orc high priest
  1373 | D        | Noticed an orc knight
  1380 | D        | Mangled by an orc knight

Skill      XL: |  1  2  3  4  5  6  7  8  9 10 11 |
---------------+----------------------------------+-----
Shields        | 3 4 7 9 10 | 10.0
Unarmed Combat | 3 4 11 | 11.3
Invocations    | 6 8 9 10 12 14 | 14.5
Fighting       | 5 6 8 9 10 | 10.2
Armour         | 4 6 8 |  8.6
Dodging        | 6 10 | 10.1

Action                   |  1- 3 |  4- 6 |  7- 9 | 10-12 || total
-------------------------+-------+-------+-------+-------++-------
Melee: Unarmed           |    31 |       |    93 |   175 ||   299
Invok: Grand Finale      |       |       |       |     1 ||     1
       Line Pass         |       |       |       |     1 ||     1
  Use: Potion            |     1 |       |     1 |     4 ||     6
 Stab: Paralysed         |       |       |     5 |    15 ||    20
  Eat: Chunk             |     3 |       |     8 |     8 ||    19
Armor: Robe              |     7 |       |    14 |     8 ||    29
Dodge: Dodged            |     7 |       |    23 |    54 ||    84
Block: Shield            |     9 |       |    31 |    55 ||    95
